 Dungeon Crawl Stone Soup version 0.29.1-15-g9cfb28693d (webtiles) character file.

Game seed: 13349524818086252759

212 ozzols the Poker (level 5, -3/47 HPs)
             Began as a Minotaur Berserker on Apr 11, 2023.
             Was a Believer of Trog.
             Slain by a wight
             ... wielding a +0 dagger
              (6 damage)
             ... on level 4 of the Dungeon.
             The game lasted 00:30:44 (3338 turns).

ozzols the Poker (Minotaur Berserker)               Turns: 3338, Time: 00:30:45

Health: -3/47      AC: 10    Str: 24    XL:     5   Next: 58%
Magic:  4/4        EV:  8    Int:  4    God:    Trog [**....]
Gold:   180        SH:  0    Dex:  9    Spells: 4/4 levels left

rFire   . . .      SeeInvis .   f - +1 mace (distort)
rCold   . . .      Faith    .   (no shield)
rNeg    . . .      Spirit   .   c - +1 chain mail
rPois   .          Reflect  .   (helmet restricted)
rElec   .          Harm     +   d - scarf {harm}
rCorr   .          Rampage  .   (no gloves)
Will    .....                   (no boots)
Stlth   ..........              (no amulet)
HPRegen 0.15/turn               (no ring)
MPRegen 0.09/turn               (no ring)

@: no status effects
A: horns 2, retaliatory headbutt
a: Renounce Religion, Berserk, Trog's Hand


You were on level 4 of the Dungeon.
You worshipped Trog.
Trog was pleased with you.
You visited 1 branch of the dungeon, and saw 4 of its levels.
You also visited: Sewer.

You collected 180 gold pieces.

Inventory:

Hand Weapons
 a - a +2 dagger of draining
 f - a +1 mace of distortion (weapon)
 i - a +1 whip of venom
 j - a +4 great sword of freezing
Missiles
 b - 22 poisoned darts (quivered)
Armour
 c - a +1 chain mail (worn)
 d - a scarf of harm (worn)
Jewellery
 g - a ring of magical power
 h - a ring of magical power
Scrolls
 e - a scroll of identify


   Skills:
 + Level 4.8 Fighting
 + Level 0.9 Maces & Flails
 + Level 5.5 Polearms
 + Level 0.1 Throwing
 + Level 3.7 Armour
 + Level 2.8 Dodging
 + Level 0.8 Stealth


You had 4 spell levels left.
You didn't know any spells.
Your spell library was empty.

Dungeon Overview and Level Annotations

Branches:
Dungeon (4/15)              Sewer (visited)
 Temple: D:4-7

Altars:

Shops:
D:1 (


Innate Abilities, Weirdness & Mutations

You have a pair of horns on your head.
You reflexively headbutt those who attack you in melee.


Message History

The dart slug launches a dart at you. The slug dart misses you.
Throw: 22 darts (poison)
Press: ? - help, Q - select action, (/) - cycle Shift-Dir - straight line, f - dart slug
Aim: a dart slug (93% to hit)
You throw a poisoned dart. The poisoned dart hits the dart slug.
A wight comes into view.
It is wielding a +4 great sword of freezing.
The dart slug launches a dart at you.
The slug dart hits you but does no damage.
Found 16 gold pieces.
The dart slug launches a dart at you. The slug dart hits you.
The dart slug bites you but does no damage.
You hit the dart slug.
The dart slug is moderately wounded.
The dart slug blinks!
You hit the wight.
Space warps around the wight.
Your headbutt misses the wight.
The wight is heavily damaged.
The wight closely misses you.
The wight hits you with a +4 great sword of freezing!
The wight freezes you. The dart slug barely misses you.
You hit the wight.
Space warps horribly around the wight!
You destroy the wight!
Trog accepts your kill. The dart slug closely misses you.
You furiously retaliate!
You headbutt the dart slug. You hit the dart slug.
You kill the dart slug!
Trog accepts your kill. 2 wights come into view.
Things that are here:
a +4 great sword of freezing; a +0 robe; a poisoned dart
j - a +4 great sword of freezing;
b - 22 poisoned darts (gained 1)
A wight comes into view. It is wielding a +3 mace.
Found a scroll labelled NIECUQ GEFEI.
The wight hits you with a +5 great sword!
* * * LOW HITPOINT WARNING * * *
The wight hits you with a +0 dagger.
You die...

.<#.....##### ...>....#
.... #....†..##### ...?
..#....#....# .....
#.#.##......#######.....
#.#.#...................
#...........###.....z...
............###..z......
................@z..#
....#.........[....$#
........†###........#
.........######.....#
.............##.....#
.....).......#......#
.............#......#
###.###......#....###
... #......# ...#


You could see 3 wights.

Vanquished Creatures
  A wight (D:4)
  3 gnolls (D:3)
  A river rat (D:3)
  5 adders
  2 worms (D:2)
  2 dart slugs
  3 orcs
  7 ball pythons
  4 endoplasms
  A giant cockroach (D:3)
  6 goblins
  2 hobgoblins
  3 jackals (D:2)
  6 kobolds
  5 quokkas
  7 bats
  A frilled lizard (D:1)
  7 rats
66 creatures vanquished.

Notes
Turn   | Place    | Note
-------+----------+-------------------------------------------
     0 | D:1      | ozzols the Minotaur Berserker began the quest for the Orb.
     0 | D:1      | Reached XP level 1. HP: 19/19 MP: 0/0
   229 | D:1      | Found a faded altar of an unknown god.
   404 | D:1      | Reached XP level 2. HP: 27/27 MP: 1/1
   653 | D:1      | Reached skill level 4 in Polearms
   739 | D:1      | Found Feanwaaph's Weapon Shoppe.
  1359 | D:2      | Reached XP level 3. HP: 25/34 MP: 2/2
  1695 | D:2      | Reached ** piety under Trog
  1902 | D:2      | Identified a scroll of acquirement
  1902 | D:2      | Acquired a +1 mace of distortion
  2032 | D:2      | Reached XP level 4. HP: 41/41 MP: 3/3
  2336 | D:3      | Reached skill level 5 in Polearms
  2340 | D:3      | Found a glowing drain.
  2409 | Sewer    | Entered a sewer
  2838 | D:3      | Reached XP level 5. HP: 47/47 MP: 4/4
  3338 | D:4      | Slain by a wight

Illustrated notes

Levels and vault maps discovered:
D:1:      dpeg_arrival_line_fractal, layout_loops_ring, serial_shops,
          nicolae_shop_advertising_works [nicolae_subvault_shop_adworks],
          ebering_ecumenical_altar_rust, nicolae_concentric_dashed_squares_wild
D:2:      layout_basic, serial_glass, glass_columns_c, glass_columns_b
D:3:      layout_loops_corners, portal_sewer_entry_b, minmay_distorted
D:4:      layout_basic, minmay_temple_entry_grid, serial_bayou_pond_d,
          minivault_19, hangedman_abyss_or_decor_slice

Skill      XL: |  1  2  3  4 |
---------------+-------------+-----
Fighting       | 4 |  4.8
Polearms       | 4 5 |  5.5
Armour         | 3 |  3.7
Maces & Flails | |  0.9
Throwing       | |  0.1
Dodging        | |  2.8
Stealth        | |  0.8

Action                   |  1- 3 |  4- 6 || total
-------------------------+-------+-------++-------
Melee: Spear             |    96 |    39 ||   135
       Headbutt          |    13 |     7 ||    20
       Punch             |     1 |       ||     1
       Mace              |       |    22 ||    22
Throw: Dart              |     3 |     1 ||     4
Invok: Trog's Hand       |     1 |       ||     1
  Use: Scroll            |     4 |     2 ||     6
       Potion            |     1 |     1 ||     2
Armor: Animal skin       |     2 |       ||     2
       Chain mail        |    56 |    43 ||    99
Dodge: Dodged            |    45 |    29 ||    74
